 Dungeon Sprint DCSS version 0.19.0-24-gb05acd6 (webtiles) character file.

12200000 igo the Conqueror (level 27, -85/272 (273) HPs)
             Began as a Ghoul Warper on Nov 22, 2016.
             Was the Champion of Makhleb.
             Annihilated by a fleshlord
             ... wielding a +9 great mace
              (357 damage)
             ... in the Dungeon (Sprint VIII: "Arena of Blood").
             The game lasted 00:07:43 (122 turns).

igo the Conqueror (Ghoul Warper)                     Turns: 122, Time: 00:07:43

HP:   -85/272 (273) AC:  6    Str: 28    XL:     27
MP:   33/53         EV: 24    Int:  8    God:    Makhleb [******]
Gold: 0             SH:  0    Dex:  8    Spells: 0 memorised, 80 levels left

rFire  . . .     SeeInvis +     k - +∞ Axe of Woe
rCold  + . .     Gourm    .     a - +0 leather armour
rNeg   + + +     Faith    .     (shield currently unavailable)
rPois  ∞         Spirit   .     (no helmet)
rElec  .         Reflect  .     (no cloak)
rCorr  .         Harm     .     (no gloves)
MR     ++...     NoTele   +     (no boots)
Stlth  +++++++++.               (no amulet)
                                (no ring)
                                l - ring of see invisible

@: rotting, slowed, very slow
A: rotting body, claws 1, carnivore 3, cold resistance 1, negative energy
resistance 3, slow regeneration 1, torment resistance, unbreathing
a: Minor Destruction, Lesser Servant of Makhleb, Major Destruction, Greater
Servant of Makhleb, Renounce Religion


You were in the Dungeon.
You worshipped Makhleb.
Makhleb was exalted by your worship.
You were not hungry.

You visited 1 branch

Inventory:

Hand Weapons
 k - the +∞ Axe of Woe (weapon)
   (You found it in the Dungeon)
Missiles
 d - 5 tomahawks of dispersal (quivered)
Armour
 a - a +0 leather armour (worn)
Jewellery
 l - a ring of see invisible (left claw)
Scrolls
 c - 2 scrolls of blinking
Potions
 e - a potion of curing
 g - a potion of heal wounds
 h - a potion of haste
 i - 2 potions of magic
 j - a potion of berserk rage
Books
 b - a book of Spatial Translocations

   Spells                             Type                      Level
   a - Blink                          Translocation                2
   b - Shroud of Golubria             Charms/Translocation         2
   c - Lesser Beckoning               Translocation                3
   d - Portal Projectile              Translocation                3
   e - Teleport Other                 Translocation                3
   f - Passage of Golubria            Translocation                4
Comestibles
 f - a meat ration


   Skills:
 O Level 27 Fighting
 O Level 27 Axes
 O Level 27 Throwing
 O Level 27 Armour
 O Level 27 Dodging
 O Level 27 Stealth
 O Level 27 Unarmed Combat
 O Level 27 Spellcasting
   Level 2.6 Translocations
 O Level 27 Invocations


You had 80 spell levels left.
You didn't know any spells.

Dungeon Overview and Level Annotations

Branches:
Dungeon (1/1)

Altars:
Makhleb


Innate Abilities, Weirdness & Mutations

Your body is rotting away.
You thrive on raw meat.
You are immune to poison.
You have sharp fingernails.
You are carnivorous and can eat meat at any time.
Your flesh is cold resistant. (rC+)
You are immune to negative energy. (rN+++)
You regenerate slowly when monsters are visible.
You are immune to unholy pain and torment.
You can survive without breathing.


Message History

Makhleb accepts your kill.
You feel better.
You slice the destroyer!!
You pulverise the destroyer into a thin bloody mist.
You destroy the destroyer!
Makhleb accepts your kill.
You hit the meat berserker.
You dissect the meat berserker like a pig carcass.
You kill the meat berserker!
Makhleb accepts your kill.
The fleshlord mumbles some strange words.
You hear a shout! x3
The fleshlord mumbles some strange words.
You hear a shout! x2
The fleshlord casts a spell at you.
You feel as though you will be slow longer.
The fleshlord mumbles some strange words.
The fleshlord seems to speed up.
The fleshlord hits you with a +9 great mace!!!!!!
Ouch! That really hurt!
You die...

################
......).)......####
......))o.........###
....##.##.#####......
......X.M.z..........
# ....##X##..p.......
....%%p..G@p..G.o...
...%..X#%#)2..o%.#.
.......%.p)p)..####.
.....%p...%........
C...%.2..))%.......
...2.....))).......
........)))))......
#...%..)#.))......
#%%..%..#)).%.....


You could see 3 meat beasts, 2 observers, 5 fleshlords, a sculptor of flesh, 2
large abominations and 3 bags of meat.

Vanquished Creatures
  A hell knight (D)
  6 hell beasts (D)
  2 greater mummies (D)
  3 great orbs of eyes (D)
  A wraith (D)
  15 vampire knights (D)
  35 ogres (D)
  6 liches (D)
  2 hydras (D)
  68 orcs (D)
  6 phantoms (D)
  9 hill giants (D)
  6 skeletal warriors (D)
  8 large abominations (D)
  7 small abominations (D)
  10 crawling corpses (D)
185 creatures vanquished.

Vanquished Creatures (others)
  9 crawling corpses (D)
9 creatures vanquished.

Grand Total: 194 creatures vanquished

Notes
Turn   | Place    | Note
-------+----------+-------------------------------------------
     0 | D        | igo the Ghoul Warper began the quest for the Orb.
     0 | D        | Reached XP level 1. HP: 17/17 MP: 2/2
     3 | D        | Noticed a bag of meat
     3 | D        | Noticed a bag of meat
     4 | D        | Noticed a bag of meat
     4 | D        | Killed a bag of meat
     4 | D        | Reached XP level 2. HP: 47/47 MP: 2/15
     4 | D        | Reached XP level 3. HP: 53/53 MP: 2/17
     4 | D        | Reached XP level 4. HP: 61/61 MP: 2/18
     4 | D        | Reached XP level 5. HP: 68/68 MP: 2/20
     4 | D        | Reached XP level 6. HP: 75/75 MP: 2/21
     4 | D        | Reached XP level 7. HP: 82/82 MP: 2/23
     4 | D        | Reached XP level 8. HP: 90/90 MP: 2/24
     4 | D        | Reached XP level 9. HP: 96/96 MP: 2/25
     4 | D        | Reached XP level 10. HP: 104/104 MP: 2/26
     4 | D        | Reached XP level 11. HP: 111/111 MP: 2/27
     4 | D        | Reached XP level 12. HP: 118/118 MP: 2/28
     5 | D        | Noticed a bag of meat
     5 | D        | Noticed a bag of meat
     5 | D        | Killed a bag of meat
     5 | D        | Reached skill level 5 in Throwing
     5 | D        | Reached skill level 15 in Spellcasting
     5 | D        | Reached XP level 13. HP: 130/130 MP: 2/31
     6 | D        | Became a worshipper of Makhleb the Destroyer
     7 | D        | Noticed a bag of meat
     8 | D        | Noticed a bag of meat
     8 | D        | Killed a bag of meat
     8 | D        | Reached skill level 5 in Armour
     8 | D        | Reached skill level 15 in Dodging
     8 | D        | Reached XP level 14. HP: 143/143 MP: 3/33
     9 | D        | Noticed a meat berserker
    10 | D        | Noticed a bag of meat
    10 | D        | Killed a bag of meat
    10 | D        | Reached * piety under Makhleb
    10 | D        | Killed a bag of meat
    10 | D        | Reached skill level 10 in Axes
    10 | D        | Reached XP level 15. HP: 155/155 MP: 3/36
    11 | D        | Noticed a meat berserker
    12 | D        | Noticed a meat berserker
    13 | D        | Noticed a large bag of meat
    13 | D        | Reached ** piety under Makhleb
    13 | D        | Reached XP level 16. HP: 168/168 MP: 4/38
    14 | D        | Killed a meat berserker
    14 | D        | Killed a meat berserker
    14 | D        | Reached skill level 15 in Axes
    14 | D        | Reached XP level 17. HP: 183/183 MP: 5/42
    14 | D        | Killed a meat berserker
    14 | D        | Reached *** piety under Makhleb
    14 | D        | Reached XP level 18. HP: 196/196 MP: 5/44
    15 | D        | Reached skill level 10 in Throwing
    15 | D        | Reached skill level 27 in Fighting
    17 | D        | Reached **** piety under Makhleb
    17 | D        | Reached skill level 10 in Armour
    17 | D        | Reached XP level 19. HP: 207/207 MP: 6/46
    17 | D        | Reached skill level 27 in Unarmed Combat
    18 | D        | Noticed a destroyer
    18 | D        | Noticed a meat berserker
    19 | D        | Noticed a large bag of meat
    19 | D        | Noticed a meat berserker
    19 | D        | Killed a destroyer
    19 | D        | Reached ***** piety under Makhleb
    19 | D        | Reached skill level 27 in Spellcasting
    19 | D        | Reached XP level 20. HP: 216/216 MP: 6/50
    19 | D        | Reached skill level 27 in Dodging
    20 | D        | Noticed a large bag of meat
    21 | D        | Noticed a large bag of meat
    21 | D        | Noticed a meat berserker
    21 | D        | Noticed a destroyer
    21 | D        | Noticed a meat berserker
    22 | D        | Noticed a meat berserker
    22 | D        | Noticed a large bag of meat
    22 | D        | Noticed a meat berserker
    24 | D        | Noticed a meat berserker
    24 | D        | Killed a meat berserker
    24 | D        | Reached skill level 27 in Axes
    25 | D        | Killed a meat berserker
    25 | D        | Reached XP level 21. HP: 224/224 MP: 8/51
    26 | D        | Noticed a destroyer
    27 | D        | Killed a meat berserker
    27 | D        | Killed a meat berserker
    27 | D        | Reached skill level 27 in Throwing
    27 | D        | Reached skill level 27 in Armour
    27 | D        | Reached XP level 22. HP: 233/233 MP: 9/52
    28 | D        | Reached ****** piety under Makhleb
    28 | D        | Reached skill level 15 in Invocations
    28 | D        | Reached XP level 23. HP: 240/240 MP: 9/53
    29 | D        | Reached skill level 27 in Stealth
    29 | D        | Killed a destroyer
    29 | D        | Reached skill level 27 in Invocations
    29 | D        | Reached XP level 24. HP: 208/249 MP: 9/53
    34 | D        | Reached XP level 25. HP: 257/257 MP: 10/53
    38 | D        | Killed a destroyer
    38 | D        | Reached XP level 26. HP: 266/266 MP: 11/53
    39 | D        | Noticed a destroyer
    40 | D        | Noticed a destroyer
    42 | D        | Noticed a destroyer
    42 | D        | Killed a destroyer
    43 | D        | Noticed a tyrant
    43 | D        | Killed a destroyer
    43 | D        | Reached XP level 27. HP: 273/273 MP: 12/53
    43 | D        | Killed a destroyer
    44 | D        | Noticed an accursed
    45 | D        | Noticed a destroyer
    46 | D        | Noticed a tyrant
    46 | D        | Noticed a destroyer
    51 | D        | Noticed a tyrant
    53 | D        | Killed a tyrant
    54 | D        | Noticed a tyrant
    54 | D        | Noticed a destroyer
    54 | D        | Killed a destroyer
    55 | D        | Killed a destroyer
    56 | D        | Noticed a destroyer
    58 | D        | Killed an accursed
    59 | D        | Noticed a destroyer
    60 | D        | Killed a tyrant
    61 | D        | Killed a destroyer
    62 | D        | Killed a destroyer
    62 | D        | Killed a tyrant
    67 | D        | Noticed a tyrant
    67 | D        | Killed a destroyer
    68 | D        | Noticed a destroyer
    68 | D        | Killed a tyrant
    70 | D        | Noticed a meat beast
    71 | D        | Killed a destroyer
    72 | D        | Noticed a destroyer
    72 | D        | Noticed a meat beast
    74 | D        | Killed a meat beast
    75 | D        | Noticed a meat beast
    77 | D        | Killed a meat beast
    78 | D        | Noticed a dread
    79 | D        | Killed a tyrant
    79 | D        | Killed a meat beast
    80 | D        | Killed a destroyer
    84 | D        | Noticed a meat beast
    85 | D        | Noticed a meat beast
    87 | D        | Noticed an accursed
    87 | D        | Killed a meat beast
    88 | D        | Killed a meat beast
    91 | D        | Noticed a tyrant
    91 | D        | Noticed a meat beast
    92 | D        | Noticed an accursed
    92 | D        | Noticed a destroyer
    95 | D        | Killed a meat beast
   102 | D        | Killed a destroyer
   107 | D        | Killed a dread
   108 | D        | Killed an accursed
   109 | D        | Killed a tyrant
   114 | D        | Noticed a destroyer
   117 | D        | Noticed a fleshlord
   118 | D        | Noticed a meat beast
   118 | D        | Noticed a fleshlord
   119 | D        | Noticed a fleshlord
   120 | D        | Noticed a fleshlord
   121 | D        | Noticed a fleshlord
   121 | D        | Noticed a fleshlord
   122 | D        | Noticed a meat beast
   122 | D        | Killed a fleshlord
   122 | D        | Killed a destroyer
   122 | D        | Annihilated by a fleshlord

Skill      XL: |  1  2  3  4  5  6  7  8  9 10 11 12 13 14 15 16 17 18 19 20 21 22 23 |
---------------+----------------------------------------------------------------------+-----
Fighting       | 14 16 18 20 21 24 25 27 | 27.0
Axes           | 4 6 7 10 12 15 17 20 24 27 | 27.0
Throwing       | 4 5 6 7 9 11 12 20 27 | 27.0
Armour         | 4 5 6 8 10 11 20 27 | 27.0
Dodging        | 12 14 15 17 18 20 21 23 26 27 | 27.0
Unarmed Combat | 14 16 17 19 21 23 25 26 27 | 27.0
Spellcasting   | 13 15 16 18 19 22 23 24 27 | 27.0
Stealth        | 24 27 | 27.0
Invocations    | 22 27 | 27.0
Translocations | |  2.6

Action                   |  1- 3 |  4- 6 |  7- 9 | 10-12 | 13-15 | 16-18 | 19-21 | 22-24 | 25-27 || total
-------------------------+-------+-------+-------+-------+-------+-------+-------+-------+-------++-------
Melee: Executioner's axe |     1 |       |       |     1 |     4 |     3 |     5 |     6 |    68 ||    88
Armor: Leather armour    |       |       |       |       |       |       |       |       |     1 ||     1
Dodge: Dodged            |       |       |       |       |       |     2 |       |       |     6 ||     8
